 Dungeon Crawl Stone Soup version 0.30-a0-177-g1cb5dbfd7a (webtiles) character file.

Game seed: 9235555291731816540

223942 Flugkiller the Warrior (level 18, -36/149 HPs)
             Began as a Mummy Cinder Acolyte on Oct 2, 2022.
             Was the Champion of Makhleb.
             Blown up by a sun moth (44 damage)
             ... with a bolt of energy
             ... on level 4 of the Spider Nest.
             The game lasted 00:57:45 (33873 turns).

Flugkiller the Warrior (Mummy Cinder Acolyte)      Turns: 33873, Time: 00:57:47

Health: -36/149    AC: 40    Str: 28    XL:     18   Next: 57%
Magic:  27/27      EV:  6    Int: 19    God:    Makhleb [******]
Gold:   1783       SH:  5    Dex:  9    Spells: 22/29 levels left

rFire   . . .      SeeInvis +    O - +9 broad axe "Tuesiw" {pain, rPois Stlth+}
rCold   + + .      Faith    +    T - +1 buckler {AC+3}
rNeg    + + +      Spirit   .    o - +1 crystal plate armour
rPois   ∞          Reflect  .    I - +2 helmet {SInv}
rElec   +          Harm     .    J - +1 cloak {Stlth+}
rCorr   +          Rampage  .    N - +2 pair of gloves
Will    ++...                    F - +2 pair of boots of the Farrier {rElec Int+4}
Stlth   ..........               k - amulet of regeneration
HPRegen 1.24/turn                e - ring "Oshraag" {rF+ rC+ rCorr Str+6 SInv}
MPRegen 0.20/turn                M - ring of flight

@: flying
A: cold resistance 1, negative energy resistance 3, torment resistance 2, heat
vulnerability 1, in touch with death 2, no potions, faith
}: 1/15 runes: decaying
a: Renounce Religion, Minor Destruction, Lesser Servant of Makhleb, Major
Destruction, Greater Servant of Makhleb


You were on level 4 of the Spider Nest.
You worshipped Makhleb.
Makhleb was exalted by your worship.
You visited 6 branches of the dungeon, and saw 31 of its levels.
You also visited: Bailey and Gauntlet.

You collected 5581 gold pieces.
You spent 3798 gold pieces at shops.

Inventory:

Hand Weapons
 c - a +2 vampiric war axe
   (You took it off Maggie on level 6 of the Dungeon)
 A - the +7 broad axe of Temperance {flame, Stlth+}
   (You bought it in a shop on level 5 of the Dungeon)

   It burns those it strikes, dealing additional fire damage.
   Big, fiery blades are also staple armaments of hydra-hunters.
   Stlth:     It makes you more stealthy.
 O - the +9 broad axe "Tuesiw" (weapon) {pain, rPois Stlth+}
   (You acquired it on level 13 of the Dungeon)

   In the hands of one skilled in necromantic magic, it inflicts extra damage on
   living creatures.
   rPois:     It protects you from poison.
   Stlth:     It makes you more stealthy.
Missiles
 l - 14 curare-tipped darts (quivered)
 C - 4 throwing nets
Armour
 o - a +1 crystal plate armour (worn)
   (You bought it in a shop on level 4 of the Dungeon)
 E - a +2 hat of willpower
   (You took it off Gastronok on level 8 of the Dungeon)
 F - the +2 pair of boots of the Farrier (worn) {rElec Int+4}
   (You bought it in a shop on level 4 of the Dungeon)

   Int:       It affects your intelligence (+4).
   rElec:     It insulates you from electricity.
 I - a +2 helmet of see invisible (worn)
   (You found it in a Gauntlet)
 J - a +1 cloak of stealth (worn)
   (You found it in a Gauntlet)
 N - a +2 pair of gloves (worn)
   (You bought it in a shop on level 5 of the Dungeon)
 S - the +0 helmet of Dim Light {+Blink rN+ rCorr Int-2 Dex+5}
   (You found it on level 4 of the Swamp)

   Int:       It affects your intelligence (-2).
   Dex:       It affects your dexterity (+5).
   rN:        It protects you from negative energy.
   +Blink:    It lets you blink.
   rCorr:     It protects you from acid and corrosion.
 T - a +1 buckler of protection (worn)
   (You took it off a spriggan on level 4 of the Swamp)
Magical Staves
 b - a staff of earth
   (You found it on level 1 of the Dungeon)
Jewellery
 e - the ring "Oshraag" (left hand) {rF+ rC+ rCorr Str+6 SInv}
   (You found it in a Gauntlet)

   [ring of protection from cold]

   Str:       It affects your strength (+6).
   rF:        It protects you from fire.
   rC:        It protects you from cold.
   SInv:      It lets you see invisible.
   rCorr:     It protects you from acid and corrosion.
 k - an amulet of regeneration (around neck)
   (You bought it in a shop on level 5 of the Dungeon)
 m - a ring of willpower
   (You found it on level 9 of the Dungeon)
 p - a +6 ring of dexterity
   (You found it on level 4 of the Dungeon)
 q - a ring of willpower
   (You found it on level 14 of the Dungeon)
 w - the ring "Plog" {*Corrode rElec AC+4 Dex+5}
   (You found it on level 6 of the Dungeon)

   [ring of protection]

   AC:        It affects your AC (+4).
   Dex:       It affects your dexterity (+5).
   rElec:     It insulates you from electricity.
   *Corrode:  It may corrode you when you take damage.
 y - a +6 ring of strength
   (You found it on level 5 of the Dungeon)
 M - a ring of flight (right hand)
   (You found it on level 5 of the Lair of Beasts)
Wands
 a - a wand of charming (43)
   (You found it on level 9 of the Dungeon)
 i - a wand of digging (20)
   (You found it on level 1 of the Lair of Beasts)
 s - a wand of mindburst (7)
   (You found it on level 2 of the Swamp)
 u - a wand of flame (66)
   (You found it on level 8 of the Dungeon)
 x - a wand of iceblast (6)
   (You found it on level 6 of the Dungeon)
 K - a wand of polymorph (4)
   (You found it in a Gauntlet)
 Q - a wand of quicksilver (9)
   (You bought it in a shop on level 2 of the Orcish Mines)
Scrolls
 d - 4 scrolls of fear
 f - 2 scrolls of silence
 g - 5 scrolls of vulnerability
 h - 5 scrolls of magic mapping
 j - 2 scrolls of brand weapon
 r - 5 scrolls of identify
 t - 9 scrolls of teleportation
 z - 3 scrolls of blinking
 B - 2 scrolls of enchant armour
 D - 5 scrolls of amnesia
 H - 2 scrolls of enchant weapon
 P - 3 scrolls of butterflies
Miscellaneous
 n - a phantom mirror
   (You found it on level 6 of the Dungeon)
 v - a condenser vane
   (You found it on level 6 of the Dungeon)
 G - a phial of floods
   (You found it on level 5 of the Lair of Beasts)
 R - a lightning rod (4/4)
   (You found it on level 3 of the Swamp)


   Skills:
 + Level 15.5 Fighting
 + Level 14.1(15.0) Axes
 - Level 4.7(10.3) Maces & Flails
 - Level 7.0(11.4) Polearms
 + Level 14.1 Armour
 - Level 4.0 Shields
 - Level 6.0 Spellcasting
 - Level 12.0 Necromancy
 - Level 3.0 Fire Magic
 - Level 10.0 Invocations
 - Level 6.0 Evocations


You had 22 spell levels left.
You knew the following spells:

 Your Spells              Type           Power      Damage    Failure   Level
a - Scorch                Fire           34%        2d7       78%         2
b - Agony                 Necr           86%        N/A       52%         5

Your spell library contained the following spells:

 Spells                   Type           Power      Damage    Failure   Level
 Dispel Undead            Necr           86%        3d28      22%         4
 Kiss of Death            Conj/Necr      100%       2d13      26%         1
 Apportation              Tloc           10%        N/A       96%         1
 Shock                    Conj/Air       20%        1d4       96%         1
 Ensorcelled Hibernation  Hex/Ice        10%        N/A       99%         2
 Passwall                 Tmut/Erth      4%         N/A       99%         2
 Ignite Poison            Fire/Tmut/Pois 9%         N/A       99%         3
 Kindle Blastsparks       Fire/Tloc/Air  18%        2d11      99%         3
 Confusing Touch          Hex            5%         N/A       100%        3
 Frozen Ramparts          Ice            10%        1d2       100%        3
 Mephitic Cloud           Conj/Pois/Air  5%         N/A       100%        3
 Portal Projectile        Hex/Tloc       10%        N/A       100%        3
 Summon Guardian Golem    Hex/Summ       5%         N/A       100%        3
 Swiftness                Air            5%         N/A       100%        3
 Airstrike                Air            2%         2d(1-17)  100%        4
 Manifold Assault         Tloc           5%         N/A       100%        4
 Summon Ice Beast         Ice/Summ       5%         N/A       100%        4
 Alistair's Intoxication  Tmut/Pois      3%         N/A       100%        5
 Arcjolt                  Conj/Air       2%         1d12      100%        5
 Freezing Cloud           Conj/Ice/Air   2%         6-21      100%        5
 Iskenderun's Battlesphe  Conj           5%         2d6       100%        5
 Metabolic Englaciation   Hex/Ice        2%         N/A       100%        5
 Summon Forest            Summ/Tloc      2%         N/A       100%        5
 Summon Mana Viper        Hex/Summ       5%         N/A       100%        5
 Dispersal                Tloc           2%         N/A       100%        6
 Iron Shot                Conj/Erth      2%         9d2       100%        6
 Summon Cactus Giant      Summ           2%         N/A       100%        6
 Orb of Destruction       Conj           2%         9d5       100%        7
 Spellforged Servitor     Conj/Summ      2%         N/A       100%        7
 Disjunction              Tloc           2%         N/A       100%        8
 Ice Form                 Ice/Tmut       Unusable   N/A       N/A         4

Dungeon Overview and Level Annotations

Branches:
Dungeon (15/15) Zot: 25400  Temple (1/1) D:6 Zot: 5838    Lair (5/5) D:9 Zot: 24486
  Swamp (4/4) Lair:2 Zot: 19957  Spider (4/4) Lair:2 Zot: 20253   Slime (0/5) Lair:5
    Orc (2/2) D:9 Zot: 10465     Elf (0/3) Orc:2        Vaults (0/5) D:13
 Depths (0/4) D:15         Bailey (visited)         Gauntlet (visited)

Altars:
Ashenzari
Cheibriados
Dithmenos
Fedhas
Gozag
Hepliaklqana
Kikubaaqudgha
Makhleb
Nemelex Xobeh
Okawaru
Qazlal
Ru
Sif Muna
Trog
Uskayaw
Vehumet
Wu Jian
Xom
Yredelemnul
Jiyva

Shops:
D:1 !   D:3 (   D:4 [   D:5 [=*(   D:9 (   D:15 *   Orc:1 !   Orc:2 ?**=(

Portals:
Pandemonium: Orc:2
Trove: D:11 (give +3 shadow dragon scales)

Annotations:
D:6 3 runed translucent doors
D:14 1 runed translucent door, gabibbone's ghost, journeyman BaHu
Swamp:2 exclusion: 2 lightning spires


Innate Abilities, Weirdness & Mutations

You are immune to poison.
Your flesh is cold resistant. (rC+)
You are immune to negative energy. (rN+++)
You are immune to unholy pain and torment.
You are vulnerable to heat. (rF-)
You are strongly in touch with the powers of death.
You do not drink.
You have a special connection with the divine. (Faith)


Message History

The sun moth bites you but does no damage.
The web tears apart.
You block the sun moth's attack. The jorogumo casts a spell at you.
The stream of webbing hits you but does no damage.
You are caught in a web!
You are caught in a web!
You struggle to detach yourself from the web.
The sun moth bites you but does no damage.
The jorogumo hits you but does no damage.
The jorogumo barely misses you.
You are caught in a web!
The web tears apart.
The sun moth barely misses you. The jorogumo barely misses you.
The jorogumo stares at you and mumbles some strange words.
The stream of webbing hits you but does no damage.
You are caught in a web!
The sun moth bites you but does no damage.
You are caught in a web!
The web tears apart.
The jorogumo casts a spell at you.
The stream of webbing hits you but does no damage.
You are caught in a web!
The jorogumo hits you. The sun moth throws energy at you.
The bolt of energy hits you.
The jorogumo stares at you and mumbles some strange words.
The stream of webbing hits you but does no damage.
You are even more entangled.
You are caught in a web!
You struggle to detach yourself from the web.
The jorogumo completely misses you.
The sun moth bites you but does no damage.
The jorogumo hits you!
The web tears apart.
The jorogumo hits you but does no damage.
The sun moth throws sticky fire at you.
The sticky flame hits you but does no damage.
You are covered in liquid flames!
The jorogumo hits you but does no damage.
The jorogumo stares at you and mumbles some strange words.
The stream of webbing hits you but does no damage.
You are caught in a web!
You are caught in a web!
The web tears apart.
You are covered in liquid flames!
The sun moth bites you but does no damage.
The jorogumo hits you but does no damage. x2
You slice the jorogumo!!
The jorogumo writhes in agony!
The jorogumo is severely wounded.
You miss the sun moth. You slash the jorogumo!
The jorogumo writhes in agony.
You are covered in liquid flames!
The sun moth bites you but does no damage.
The jorogumo hits you. The jorogumo casts a spell at you.
The stream of webbing hits you but does no damage.
You are caught in a web!
The sun moth bites you!
You are covered in liquid flames.
You are covered in liquid flames!
The web tears apart.
You are covered in liquid flames!
The jorogumo barely misses you. The jorogumo hits you!
The sun moth bites you but does no damage.
You barely miss the sun moth. You closely miss the jorogumo.
You hit the jorogumo.
The jorogumo writhes in agony!
You are covered in liquid flames!
The jorogumo barely misses you. The jorogumo hits you. The sun moth bites you!
The jorogumo hits you!
Unknown command.
Unknown command.
Blink to where?
Press: ? - help, Dir - move target
As you read the scroll of blinking, it crumbles to dust.
You are covered in liquid flames!
Unknown command.
A demon appears!
You are covered in liquid flames!
* * * LOW HITPOINT WARNING * * *
You are no longer on fire.
Unknown command.
Your Executioner closely misses the jorogumo.
Your Executioner misses the jorogumo. Your Executioner hits the jorogumo!
The jorogumo closely misses your Executioner.
Your Executioner closely misses the jorogumo.
Your Executioner hits the jorogumo. x2
The jorogumo dies!
Makhleb accepts your kill.
Your Executioner hits the sun moth!
Your Executioner closely misses the sun moth. x2
The sun moth throws energy at you.
The bolt of energy hits your Executioner.
The bolt of energy hits you!!
* * * LOW HITPOINT WARNING * * *
Your Executioner hits the sun moth! x2; Your Executioner hits the sun moth.
The jorogumo hits your Executioner!!
Your Executioner hits the jorogumo!!
Your Executioner hits the jorogumo but does no damage.
Your Executioner hits the jorogumo. The sun moth throws energy at you.
The bolt of energy hits your Executioner!!
The bolt of energy hits you!!!
You die...

#..#..^### ###.## ##..#..
#.....#..# ##....#####..†...
#..##....#####....###..##..##.
#####^..#^#..^...#.^....†.####
##.[#.....^..........#.##
#.......#..#............#
#...^.#..#......##.....##
#..###^...#.....##...^## ####
##...@.#.####..### ##^#...##
#### ##...^.# ##....# ##...#
##1.# . #Hy# .. #..# ... #..#


You could see a jorogumo, a sun moth (ally target) and a friendly Executioner
(summoned).

Vanquished Creatures
  Rupert (D:13)
  A tentacled monstrosity (Swamp:4)
  Jorgrun (D:15)
  The ghost of olaf the Brawler, an adept TrFi of Makhleb (Swamp:4)
  Kirke (D:13)
  Gastronok (D:8)
  A fenstrider witch (Swamp:2)
  2 thorn hunters
  3 emperor scorpions
  2 ghost moths (Spider:3)
  Aizul (Spider:4)
  An orc warlord (D:9)
  A broodmother (Spider:4)
  Azrael (D:13)
  6 spark wasps
  2 bunyips
  5 eleionomae
  Josephine (D:11)
  A shambling mangrove (Swamp:4)
  5 entropy weavers
  2 spectral fenstrider witches (Swamp:4)
  2 ice dragons (D:15)
  2 ogre magi (D:15)
  21 hydras
  3 radroaches
  3 centaur warriors
  2 jorogumos
  2 catoblepae (Lair:5)
  8 boulder beetles
  7 two-headed ogres
  12 alligators
  3 demonspawn (Orc:2)
  A death knight (D:15)
  10 death yaks
  8 orc high priests (Orc:2)
  Nergalle (Lair:2)
  Sonja (Lair:2)
  A sun demon (Orc:2)
  Amaemon (Lair:2)
  9 pharaoh ants
  A skeletal warrior (D:15)
  2 spectral hydras (Swamp:4)
  7 goliath frogs
  7 spriggan druids
  A wizard (D:15)
  13 orb spiders
  Pikel (D:6)
  A phantasmal warrior (D:15)
  2 deep elf pyromancers
  5 steelbarb worms
  7 bog bodies
  A swamp dragon (shapeshifter) (D:12)
  14 swamp dragons
  7 orc knights
  2 lindwurms
  14 ugly things
  A worldbinder (Gauntlet)
  5 orc sorcerers
  8 cyclopes
  2 moths of wrath
  16 wolf spiders
  6 will-o-the-wisps
  2 manticores
  10 elephants
  A salamander (shapeshifter) (D:15)
  Maggie (D:6)
  5 cane toads
  7 torpor snails
  2 orange demons
  3 rime drakes
  2 unseen horrors (shapeshifter)
  A gargoyle (D:10)
  2 unseen horrors
  A rime drake (shapeshifter) (D:14)
  A kobold demonologist (D:10)
  A spectral death drake (Swamp:4)
  2 freezing wraiths (D:15)
  9 komodo dragons
  A tengu conjurer (D:15)
  8 demonic crawlers
  A hellwing (Orc:2)
  5 polar bears
  9 trolls
  A bloated husk (Swamp:1)
  9 tyrant leeches
  Prince Ribbit (D:5)
  23 hornets
  27 tarantellas
  11 slime creatures
  8 blink frogs
  9 dream sheep
  15 culicivoras
  13 jumping spiders
  3 centaur simulacra (Gauntlet)
  32 spriggans
  4 shadows
  5 wyverns
  30 yaks
  3 hogs (D:13)
  2 vampires
  12 fire elementals
  9 wraiths
  16 humans (D:13)
  A neqoxec (Orc:2)
  10 vampire mosquitoes
  7 basilisks
  Eustachio (D:6)
  75 redbacks
  19 swamp worms
  A steam dragon (D:7)
  5 wargs (Orc:1)
  5 acid dragons
  15 water moccasins
  6 hell hounds (D:13)
  A death drake simulacrum (Swamp:4)
  A hydra simulacrum (Gauntlet)
  12 swamp drakes
  2 ice beasts
  52 orc warriors
  4 black bears
  3 sky beasts
  13 ogres
  7 boggarts
  24 wolves
  8 centaurs
  2 kobold brigands
  Blork the orc (D:4)
  A necrophage (D:6)
  14 bullfrogs
  2 gnoll sergeants
  3 scorpions (Lair:2)
  7 wights
  21 killer bees
  8 howler monkeys
  An electric eel (D:7)
  3 jellies (D:6)
  32 orc priests
  4 hounds
  A gnoll bouda (D:6)
  4 iguanas
  18 orc wizards
  19 gnolls
  9 adders
  An ufetubus (D:6)
  4 worms
  2 dart slugs
  87 orcs
  7 bats
  3 endoplasms
  7 giant cockroaches
  6 goblins
  7 hobgoblins
  4 jackals
  18 kobolds
  4 quokkas
  10 ball pythons
  A goblin zombie (D:6)
  A jackal zombie (D:6)
  3 rats
1154 creatures vanquished.

Vanquished Creatures (collateral kills)
  Mlioglotl (Spider:4)
  A minotaur (Gauntlet)
  A jorogumo (Spider:4)
  A swamp dragon (Swamp:4)
  2 hogs (D:13)
  A vampire mosquito (Swamp:4)
  2 foxfires (Lair:4)
9 creatures vanquished.

Vanquished Creatures (others)
  4 bloated husks
  A tarantella (Spider:3)
  5 vampire mosquitoes (Swamp:4)
  A swamp worm (Swamp:2)
  An orc wizard (D:6)
  2 ball lightnings (Swamp:2)
  A briar patch (Swamp:4)
  28 foxfires
  29 fungi
  76 plants
  4 toadstools (D:1)
152 creatures vanquished.

Grand Total: 1315 creatures vanquished

Notes
Turn   | Place    | Note
-------+----------+-------------------------------------------
     0 | D:1      | Flugkiller the Mummy Cinder Acolyte began the quest for the
                  | Orb.
     0 | D:1      | Reached XP level 1. HP: 18/18 MP: 2/2
   383 | D:1      | Reached XP level 2. HP: 24/24 MP: 5/5
   386 | D:1      | Learned a level 2 spell: Scorch
   398 | D:1      | Found Zaanett's Distillery.
   548 | D:1      | Found a faded altar of an unknown god.
   942 | D:2      | Gained mutation: You are in touch with the powers of death.
                  | [Mummy growth]
   942 | D:2      | Reached XP level 3. HP: 29/29 MP: 3/6
  1707 | D:3      | Found Wovvaud's Weapon Shop.
  1979 | D:3      | Reached XP level 4. HP: 22/37 MP: 0/7
  2102 | D:3      | Found a stormy altar of Qazlal.
  2102 | D:3      | Noticed a fire elemental
  2106 | D:3      | Noticed an earth elemental
  2106 | D:3      | Noticed a water elemental
  2106 | D:3      | Noticed an air elemental
  2318 | D:3      | Reached skill level 4 in Fighting
  2514 | D:3      | Reached XP level 5. HP: 42/42 MP: 3/8
  3068 | D:4      | Found Moylauna's Armour Emporium.
  3250 | D:4      | Noticed Blork the orc
  3262 | D:4      | Killed Blork the orc
  3263 | D:4      | Reached skill level 5 in Fighting
  3263 | D:4      | Reached XP level 6. HP: 34/51 MP: 0/9
  3684 | D:4      | Found a shimmering blue altar of Sif Muna.
  3685 | D:4      | Found a broken altar of Ashenzari.
  3849 | D:5      | Entered Level 5 of the Dungeon
  3927 | D:5      | Found a hide-covered altar of Uskayaw.
  3927 | D:5      | Noticed Prince Ribbit
  3997 | D:5      | Found Vomoreoh's Antique Armour Shoppe.
  4184 | D:5      | Found Tuor's Jewellery Shop.
  4223 | D:5      | Found Zolupses's General Store.
  4235 | D:5      | Found the +8 trident of the Octopus King {venom, rElec
                  | rPois}
  4237 | D:5      | Found Zeocw's Weapon Boutique.
  4252 | D:5      | Reached skill level 1 in Polearms
  4390 | D:5      | Noticed a water moccasin
  4399 | D:5      | Killed a water moccasin
  4400 | D:5      | Reached XP level 7. HP: 51/56 MP: 6/10
  4421 | D:5      | Found a burning altar of Makhleb.
  4692 | D:5      | Killed Prince Ribbit
  4693 | D:5      | Reached skill level 1 in Armour
  4807 | D:6      | You fall into a shaft and drop 2 floors!
  5000 | D:6      | Reached XP level 8. HP: 41/64 MP: 11/11
  5184 | D:6      | Reached skill level 6 in Fighting
  5188 | D:6      | Found a large runed translucent door.
  5188 | D:6      | Found a large runed translucent door.
  5388 | D:6      | Found a runed translucent door.
  5393 | D:6      | Noticed Eustachio
  5399 | D:6      | Killed Eustachio
  5434 | D:6      | HP: 2/64 [ogre/+0 giant club (15)]
  5438 | D:6      | Reached skill level 5 in Armour
  5706 | D:6      | Found a basalt altar of Yredelemnul.
  5729 | D:6      | Noticed a two-headed ogre
  5734 | D:6      | Killed a two-headed ogre
  5735 | D:6      | Reached skill level 8 in Fighting
  5735 | D:6      | Reached XP level 9. HP: 47/74 MP: 12/12
  6094 | D:6      | Found a staircase to the Ecumenical Temple.
  6108 | D:6      | Noticed Pikel
  6129 | D:6      | Killed Pikel
  6130 | D:6      | Reached skill level 5 in Polearms
  6485 | D:6      | Found a large runed translucent door.
  6485 | D:6      | Found a large runed translucent door.
  6939 | D:6      | Noticed Maggie
  7088 | D:6      | Killed Maggie
  7089 | D:6      | Reached XP level 10. HP: 47/80 MP: 13/13
  7300 | D:6      | Found a snail-covered altar of Cheibriados.
  7464 | D:6      | Identified the ring "Plog" {*Corrode rElec AC+4 Dex+5}
  8092 | D:7      | Found an ornate altar of the Wu Jian Council.
  8659 | D:4      | Bought a +0 helmet for 49 gold pieces
  8743 | D:8      | Identified a scroll of acquirement
  8752 | D:7      | Acquired 1245 gold pieces
  8821 | D:4      | Bought a +1 crystal plate armour for 957 gold pieces
  8856 | D:5      | Bought an amulet of regeneration for 300 gold pieces
  9021 | D:8      | Noticed Gastronok
  9023 | D:8      | Found a hazy altar of Hepliaklqana.
  9066 | D:8      | Killed Gastronok
  9067 | D:8      | Reached skill level 9 in Fighting
  9573 | D:4      | Bought the +2 pair of boots of the Farrier {rElec Int+4}
                  | for 405 gold pieces
  9706 | D:9      | Reached skill level 10 in Fighting
  9771 | D:9      | Found a staircase to the Lair.
  9785 | D:9      | Reached XP level 11. HP: 82/92 MP: 14/14
  9800 | D:9      | Found a staircase to the Orcish Mines.
  9800 | D:9      | Found Tuer's Weapon Shop.
  9832 | D:9      | Found a shadowy altar of Dithmenos.
  9996 | D:9      | Found a flagged portal.
 10013 | D:9      | Reached skill level 11 in Fighting
 10022 | Bailey   | Entered a bailey
 10289 | Bailey   | Noticed an orc knight
 10289 | Bailey   | Noticed an orc knight
 10296 | Bailey   | Killed an orc knight
 10297 | Bailey   | Reached skill level 1 in Evocations
 10307 | Bailey   | Killed an orc knight
 10319 | Bailey   | Identified the +4 triple crossbow of Inference {elec,
                  | Fragile Fly rF+ Int+2}
 10662 | D:9      | Found a bloodstained altar of Trog.
 10918 | D:10     | Entered Level 10 of the Dungeon
 11425 | D:10     | Noticed a soul eater
 11501 | D:10     | Reached skill level 10 in Armour
 11962 | D:11     | Found a gate leading to a gauntlet.
 11967 | D:11     | Noticed a brown ugly thing
 11985 | D:11     | Killed a brown ugly thing
 11986 | D:11     | Reached XP level 12. HP: 45/100 MP: 15/15
 11999 | Gauntlet | Entered a Gauntlet
 11999 | Gauntlet | Found a transporter.
 11999 | Gauntlet | Found a transporter.
 12051 | Gauntlet | Found a transporter.
 12054 | Gauntlet | Found a transporter.
 12071 | Gauntlet | Found a transporter.
 12082 | Gauntlet | Found a transporter.
 12083 | Gauntlet | Found a transporter.
 12091 | Gauntlet | Found a transporter.
 12101 | Gauntlet | Noticed a blizzard demon
 12108 | Gauntlet | Found a transporter.
 12123 | Gauntlet | Found a transporter.
 12127 | Gauntlet | Found a transporter.
 12138 | Gauntlet | Found a transporter.
 12166 | Gauntlet | Reached skill level 5 in Evocations
 12419 | Gauntlet | Noticed a tengu warrior
 12563 | Gauntlet | Identified the ring "Oshraag" {rF+ rC+ rCorr Str+6 SInv}
 12646 | Gauntlet | Noticed a minotaur
 12655 | Gauntlet | Killed a minotaur
 12662 | Gauntlet | Identified the +1 robe of the Abyss {rF+ MP+9}
 12662 | Gauntlet | Identified the +6 long sword "Miarygiufo" {pain, rF+ MP+9
                  | Dex-3}
 12757 | D:11     | Found a portal to a secret trove of treasure.
 12782 | D:11     | Noticed Josephine
 12798 | D:11     | Killed Josephine
 12949 | D:11     | Reached skill level 1 in Axes
 13282 | D:11     | Found a sparkling altar of Nemelex Xobeh.
 13444 | Lair:1   | Entered Level 1 of the Lair of Beasts
 14539 | D:5      | Bought a pair of gloves for 103 gold pieces
 14727 | Lair:2   | Noticed Amaemon
 14752 | Lair:2   | Killed Amaemon
 14869 | Lair:2   | Reached skill level 5 in Axes
 14872 | Lair:2   | Noticed a boulder beetle
 14890 | Lair:2   | Killed a boulder beetle
 14897 | Lair:2   | Noticed Sonja
 14909 | Lair:2   | Killed Sonja
 14927 | Lair:2   | Noticed Nergalle
 14948 | Lair:2   | Killed Nergalle
 15026 | Lair:2   | Found a staircase to the Swamp.
 15084 | Lair:2   | Found a hole to the Spider Nest.
 15348 | Lair:3   | Gained mutation: You are strongly in touch with the powers
                  | of death. [Mummy growth]
 15348 | Lair:3   | Reached XP level 13. HP: 96/106 MP: 16/16
 16489 | Lair:4   | Reached skill level 10 in Axes
 16839 | D:5      | Bought the +7 broad axe of Temperance {flame, Stlth+} for
                  | 780 gold pieces
 17677 | Lair:5   | Entered Level 5 of the Lair of Beasts
 17833 | Lair:5   | Identified the +4 flail of the Dancing Gods {vorpal, rElec
                  | Str+5}
 17835 | Lair:5   | Identified the +4 battleaxe of Indignation {flame, Int+3}
 17944 | Lair:5   | Reached XP level 14. HP: 54/113 MP: 17/17
 18097 | Lair:5   | Reached skill level 12 in Fighting
 18200 | Lair:5   | Found a viscous altar of Jiyva.
 18200 | Lair:5   | Found a staircase to the Slime Pits.
 18847 | Lair:5   | Reached skill level 1 in Shields
 19120 | Lair:4   | Fell from the grace of Ignis
 19342 | Temple   | Entered the Ecumenical Temple
 19601 | D:5      | Became a worshipper of Makhleb the Destroyer
 20046 | D:12     | Reached skill level 1 in Invocations
 20146 | D:12     | Reached skill level 13 in Fighting
 20286 | D:13     | Noticed Rupert
 20292 | D:13     | Noticed Nessos
 20428 | D:13     | Reached * piety under Makhleb
 20520 | D:13     | Nessos changed into Nessos the spriggan
 20520 | D:13     | Noticed Nessos
 20523 | D:13     | Killed Nessos the spriggan
 20638 | D:13     | Found a gate to the Vaults.
 20638 | D:13     | Noticed Kirke
 20652 | D:13     | Killed Kirke
 20652 | D:13     | Reached ** piety under Makhleb
 20704 | D:13     | Killed Rupert
 20826 | D:13     | Reached XP level 15. HP: 52/124 MP: 18/18
 21183 | D:13     | Noticed Azrael
 21402 | D:13     | You fall into a shaft and drop 1 floor!
 21668 | D:14     | Reached *** piety under Makhleb
 22172 | D:14     | Found a runed translucent door.
 22173 | D:14     | Noticed gabibbone's ghost (journeyman BaHu)
 22714 | D:13     | Killed Azrael
 22811 | D:15     | Entered Level 15 of the Dungeon
 22918 | D:15     | Reached skill level 5 in Invocations
 22923 | D:15     | Reached skill level 14 in Fighting
 22996 | D:15     | Reached **** piety under Makhleb
 23091 | D:15     | Found Hyqeah's General Store.
 23119 | D:15     | Was forgiven by Ignis
 23230 | D:15     | Noticed Jorgrun
 23252 | D:15     | Killed Jorgrun
 23485 | D:15     | Found a staircase to the Depths.
 23975 | Orc:1    | Entered Level 1 of the Orcish Mines
 23987 | D:9      | Reached ***** piety under Makhleb
 24156 | Orc:2    | Entered Level 2 of the Orcish Mines
 24226 | Orc:2    | Found a staircase to the Elven Halls.
 24233 | Orc:2    | Found Tuileip's Magic Scroll Shoppe.
 24242 | Orc:2    | Bought a scroll of enchant armour for 90 gold pieces
 24242 | Orc:2    | Bought a scroll of blinking for 90 gold pieces
 24298 | Orc:2    | Bought a scroll of butterflies for 48 gold pieces
 24457 | Orc:1    | Paralysed by an orc sorcerer for 5 turns
 24591 | Orc:1    | Found Onwauj's Distillery.
 24873 | Orc:2    | Found Owne's General Store.
 24881 | Orc:2    | Found Qofuxon's General Store.
 24893 | Orc:2    | Reached ****** piety under Makhleb
 25438 | Orc:2    | Reached XP level 16. HP: 120/133 MP: 23/23
 25442 | Orc:2    | Reached skill level 10 in Invocations
 25464 | Orc:2    | Paralysed by an orc sorcerer for 2 turns
 25525 | Orc:2    | Found Venlor's Jewellery Boutique.
 25525 | Orc:2    | Found Odithad's Antique Weapon Shop.
 25526 | Orc:2    | Found a one-way gate leading to the halls of Pandemonium.
 25562 | Orc:2    | Bought Sif Muna's Precepts of the Twisted Oath for 640 gold
                  | pieces
 25564 | Orc:2    | Bought a wand of quicksilver (5) for 336 gold pieces
 25564 | Orc:2    | Acquired the +9 broad axe "Tuesiw" {pain, rPois Stlth+}
 25717 | D:15     | Learned a level 5 spell: Agony
 26001 | Swamp:1  | Entered Level 1 of the Swamp
 26015 | Swamp:1  | Reached skill level 1 in Necromancy
 26316 | Swamp:1  | Identified the +1 chain mail "Wuusass" {Dex+6}
 26579 | Swamp:1  | Reached skill level 5 in Spellcasting
 27334 | Swamp:2  | Reached skill level 5 in Necromancy
 27509 | Swamp:2  | Noticed a thorn hunter
 27521 | Swamp:2  | Killed a thorn hunter
 27805 | Swamp:2  | Acquired 321 gold pieces
 28356 | Swamp:3  | Identified the +2 falchion "Roolij" {drain, Int+5}
 28683 | Swamp:4  | Entered Level 4 of the Swamp
 28720 | Swamp:4  | Found a transporter.
 28725 | Swamp:4  | Noticed olaf's ghost (adept TrFi)
 28732 | Swamp:4  | Reached XP level 17. HP: 115/139 MP: 26/26
 29163 | Swamp:4  | Reached skill level 10 in Necromancy
 29399 | Swamp:4  | Got a decaying rune of Zot
 29441 | Swamp:4  | Found a transporter.
 29472 | Swamp:4  | Noticed a tentacled monstrosity
 29486 | Swamp:4  | Killed a tentacled monstrosity
 29696 | Swamp:4  | Identified the +0 helmet of Dim Light {+Blink rN+ rCorr
                  | Int-2 Dex+5}
 29720 | Swamp:4  | Killed olaf's ghost
 29952 | Spider:1 | Entered Level 1 of the Spider Nest
 31886 | Spider:3 | Reached XP level 18. HP: 68/147 MP: 27/27
 32924 | Spider:3 | Reached skill level 15 in Fighting
 33088 | Spider:4 | Entered Level 4 of the Spider Nest
 33139 | Spider:4 | Identified the +1 ring mail of Naceutom {rElec Str+3}
 33455 | Spider:4 | Noticed Aizul
 33469 | Spider:4 | Killed Aizul
 33645 | Spider:4 | Noticed Mlioglotl
 33657 | Spider:4 | Killed Mlioglotl
 33872 | Spider:4 | HP: 6/149 [disintegration (32)]
 33873 | Spider:4 | Blown up by a sun moth

Illustrated notes

Levels and vault maps discovered:
D:1:      amcnicky_arrival_abandoned_market, layout_basic, serial_shops, shop,
          basic_ecumenical_altar, minmay_gold_behind_fungi
D:2:      layout_basic, serial_rivers, chequers_serial_rivers_micro_b,
          chequers_serial_rivers_small_b, chequers_serial_rivers_room_b,
          chequers_serial_rivers_small_b, st_stairs_4
D:3:      layout_basic, nicolae_qazlal_style_of_elements, serial_shops, shop,
          nicolae_figureground_pulse
D:4:      layout_loops_ring, gammafunk_temple_overflow_pools, serial_shops,
          shop, minmay_surrounded, uniq_blork_the_orc
D:5:      layout_rooms, marbit_many_paths, mainiacjoe_overflow_surrounded_room,
          serial_shops, shop, nicolae_shop_advertising_works
          [nicolae_subvault_shop_adworks], nicolae_shop_bloodbath_and_beyond,
          kennysheep_mini_moat, uniq_prince_ribbit1
D:6:      layout_loops_ring, dk_yredelemnul_ordeal,
          mainiacjoe_overflow_alcove_4, minmay_temple_entry_proselytizer,
          minmay_hollow_rounded_squares, uniq_eustachio, uniq_pikel, uniq_maggie
D:7:      layout_basic, nicolae_elyvilon_temple_path,
          nicolae_wu_jian_immortal_techniques, nicolae_tso_carved_into_rock
D:8:      layout_basic, zin_academy, nicolae_hepliaklqana_hazy_memory,
          uniq_gastronok
D:9:      layout_stronghold, grunt_dithmenos_smoke_and_mirrors,
          lemuel_crystal_altar, minmay_lair_entry_grove, orc_david_3,
          enter_bailey_5, skrybe_limestone_x
D:10:     layout_loops_cross, serial_rivers, chequers_serial_rivers_marsh,
          chequers_serial_rivers_small_a, chequers_serial_rivers_micro_e,
          chequers_serial_rivers_large_a, chequers_serial_rivers_large_b,
          minmay_joined_circles
D:11:     layout_roguey, enter_trove_6, gauntlet_entry_generic,
          dreamdust_princess_corridor, nemelex_lonely_heart_becter,
          uniq_josephine
D:12:     layout_roguey, minmay_misc_feat_doors
D:13:     layout_stronghold, david_vaults_3, kennysheep_diamond, uniq_kirke,
          uniq_azrael, uniq_rupert
D:14:     layout_loops_corners, ebering_ghost_inner_flame, nicolae_eternal_life,
          kennysheep_doodads
D:15:     grunt_enter_depths_hoard, layout_long_grid, serial_shops,
          shop_fountains, uniq_jorgrun
Temple:   hellmonk_temple_forest_ring
Lair:1:   layout_hall_layers, chequers_serial_rivers_room_a,
          chequers_serial_rivers_marsh
Lair:2:   layout_cave_shapes, skrybe_swamp_entry_bodies,
          nicolae_spider_entry_non_spiders, infiniplex_staircase_pool,
          uniq_sonja, uniq_nergalle, uniq_amaemon
Lair:3:   layout_concentric_octagons
Lair:4:   layout_gridlike, nzn_random_ring
Lair:5:   minmay_lair_end_enchanted_forest, layout_misc_corridors,
          dpeg_slime_entry_enclosed, serial_bayou_pond_d, worms_lemuel
Swamp:1:  layout_basic_swamp, evilmike_swamp_ruin_rubble_1, swamp_pool4
Swamp:2:  layout_basic_swamp, evilmike_swamp_ruin_house_4,
          hangedman_swamp_phenomena
Swamp:3:  nicolae_swamp_decorative_isthmus, layout_basic_swamp,
          evilmike_swamp_ruin_house_5, nzn_swamp_stair_ambush
Swamp:4:  swamp, layout_basic_swamp, gammafunk_ghost_mausoleum,
          nicolae_swamp_spriggan_camp
Spider:1: layout_spider_delve
Spider:2: layout_spider_delve, spiders_nest_spider_trap,
          nicolae_spider_cling_halls
Spider:3: layout_spider_delve, drop_trap, nicolae_spider_bug_shape
Spider:4: johnstein_spider_rune_arachne_lair, uniq_roxanne, uniq_arachne,
          uniq_mlioglotl, uniq_aizul
Orc:1:    layout_caves, serial_shops, shop
Orc:2:    pf_orc_diabolical, layout_diamond_mine, serial_shops, shop

Skill      XL: |  1  2  3  4  5  6  7  8  9 10 11 12 13 14 15 16 17 18 |
---------------+-------------------------------------------------------+-----
Spellcasting   | 2 6 |  6.0
Fire Magic     | 3 |  3.0
Maces & Flails | 3 4 |  4.7
Fighting       | 4 5 8 10 11 13 14 15 | 15.5
Polearms       | 2 4 7 |  7.0
Armour         | 2 5 6 8 10 11 13 14 | 14.1
Evocations     | 4 6 |  6.0
Axes           | 6 11 12 13 14 | 14.1
Shields        | 3 4 |  4.0
Invocations    | 3 9 10 | 10.0
Necromancy     | 7 12 | 12.0

Action                   |  1- 3 |  4- 6 |  7- 9 | 10-12 | 13-15 | 16-18 || total
-------------------------+-------+-------+-------+-------+-------+-------++-------
Melee: Mace              |    68 |    20 |       |       |       |       ||    88
       Flail             |       |    58 |       |       |       |       ||    58
       Trident           |       |     6 |   192 |   788 |   207 |       ||  1193
       Punch             |       |       |     3 |     7 |     4 |       ||    14
       Broad axe         |       |       |       |       |  1041 |  1321 ||  2362
Throw: Dart              |       |     1 |       |       |       |       ||     1
 Cast: Scorch            |    30 |    50 |     1 |       |       |       ||    81
Invok: Fiery Armour      |     1 |     2 |     3 |     2 |     1 |       ||     9
       Foxfire Swarm     |       |       |     1 |       |     1 |       ||     2
       Minor Destruction |       |       |       |       |     4 |    22 ||    26
       Rising Flame      |       |       |       |       |     1 |       ||     1
       Renounce Religion |       |       |       |       |     1 |       ||     1
       Major Destruction |       |       |       |       |     1 |    14 ||    15
       Lesser Servant of |       |       |       |       |       |     1 ||     1
       Greater Servant o |       |       |       |       |       |     4 ||     4
Evoke: Condenser vane    |       |       |       |     1 |     2 |     1 ||     4
       Phantom mirror    |       |       |       |     1 |     2 |       ||     3
       Wand              |       |       |       |       |     4 |     3 ||     7
       Phial of floods   |       |       |       |       |     3 |       ||     3
  Use: Scroll            |       |     4 |     3 |    10 |     8 |     7 ||    32
 Stab: Sleeping          |       |       |     2 |       |       |       ||     2
       Confused          |       |       |       |     3 |       |     1 ||     4
       Petrified         |       |       |       |       |     1 |       ||     1
Armor: Leather armour    |    19 |    21 |    36 |       |       |       ||    76
       Robe              |     6 |       |       |       |       |       ||     6
       Plate armour      |       |       |     1 |    28 |       |       ||    29
       Crystal plate arm |       |       |       |   677 |  1226 |  1762 ||  3665
Dodge: Dodged            |    61 |    62 |    68 |   260 |   359 |   491 ||  1301
Block: Buckler           |       |       |       |       |   137 |   404 ||   541

Table legend: (Time is in decaauts)
 A = Elapsed time spent in this place.
 B = Non-inter-level travel time spent in this place.
 C = Inter-level travel time spent in this place.
 D = Time resting spent in this place.
 E = Time spent auto-exploring this place.
 F = Levels seen in this place.
 G = Mean time per level.
                   A        B        C        D        E       F      G
               +--------+--------+--------+--------+--------+-----+--------+
         Total |  33967 |  30759 |   3208 |   6014 |  15832 |  33 | 1029.3 |
       Dungeon |  17907 |  15769 |   2138 |   3581 |   8073 |  15 | 1193.8 |
        Temple |    161 |    143 |     18 |      0 |    135 |   1 |  161.0 |
          Lair |   5513 |   4961 |    552 |    588 |   3202 |   5 | 1102.6 |
         Swamp |   4042 |   3763 |    279 |    733 |   1548 |   4 | 1010.5 |
   Spider Nest |   3745 |   3610 |    135 |    657 |   1777 |   4 |  936.2 |
  Orcish Mines |   1535 |   1451 |     84 |    149 |    827 |   2 |  767.5 |
        Bailey |    395 |    395 |      0 |     39 |    163 |   1 |  395.0 |
      Gauntlet |    665 |    665 |      0 |    267 |    106 |   1 |  665.0 |
               +--------+--------+--------+--------+--------+-----+--------+

Top non-repeatable levels by time:
     D:6: 2613 daAuts
     D:7: 1370 daAuts
Spider:3: 1356 daAuts
  Lair:5: 1354 daAuts
    D:13: 1342 daAuts
     D:5: 1334 daAuts
     D:4: 1328 daAuts
  Lair:3: 1314 daAuts
    D:14: 1277 daAuts
     D:2: 1272 daAuts
    D:15: 1228 daAuts
 Swamp:1: 1206 daAuts
     D:9: 1198 daAuts
   Orc:2: 1123 daAuts
 Swamp:4: 1091 daAuts
